 Dungeon Crawl Stone Soup version 0.30-a0-311-gf115ab0292 (webtiles) character file.

Game seed: 9040706499551193430

26892 KennySheep the Destroyer (level 12, -7/92 HPs)
             Began as a Demigod Conjurer on Oct 26, 2022.
             Killed from afar by a fire giant (21 damage)
             ... with a bolt of fire
             ... on level 12 of the Dungeon.
             The game lasted 01:11:15 (15593 turns).

KennySheep the Destroyer (Demigod Conjurer)        Turns: 15593, Time: 01:11:16

Health: -7/92      AC: 13    Str: 12    XL:     12   Next: 64%
Magic:  4/27       EV: 15    Int: 35    God:
Gold:   808        SH:  5    Dex: 12    Spells: 3/25 levels left

rFire   . . .      SeeInvis +    a - +7 dagger of the Dripping Gods {flame, rN+ Int+3}
rCold   . . .      Faith    .    (no shield)
rNeg    + . .      Spirit   .    F - +3 acid dragon scales
rPois   .          Reflect  +    l - +2 hat {SInv}
rElec   .          Harm     .    (no cloak)
rCorr   +          Rampage  .    q - +0 pair of gloves
Will    ++...                    (no boots)
Stlth   +.........               z - amulet of reflection
HPRegen 0.35/turn                e - +4 ring of evasion
MPRegen 0.20/turn                B - ring of willpower

@: no status effects
A: high MP 1, forlorn, divine attributes
a: no special abilities


You were on level 12 of the Dungeon.
You visited 1 branch of the dungeon, and saw 14 of its levels.

You collected 1196 gold pieces.
You spent 388 gold pieces at shops.

Inventory:

Hand Weapons
 a - the +7 dagger of the Dripping Gods (weapon) {flame, rN+ Int+3}
   (You found it on level 2 of the Dungeon)

   It burns those it strikes, dealing additional fire damage.
   Int:       It affects your intelligence (+3).
   rN:        It protects you from negative energy.
Missiles
 b - a throwing net
Armour
 l - a +2 hat of see invisible (worn)
 q - a +0 pair of gloves (worn)
 F - +3 acid dragon scales (worn)
Magical Staves
 C - a staff of poison
 H - a staff of earth
Jewellery
 e - a +4 ring of evasion (left hand)
 z - an amulet of reflection (around neck)
 B - a ring of willpower (right hand)
 I - a ring of flight
Wands
 u - a wand of iceblast (2)
 y - a wand of charming (23)
 J - a wand of polymorph (5)
Scrolls
 c - 2 scrolls of amnesia
 h - 4 scrolls of noise
 i - 5 scrolls of teleportation
 m - 2 scrolls of torment
 s - a scroll of enchant weapon
 v - a scroll of enchant armour
 x - 2 scrolls of vulnerability
 G - a scroll of summoning {unknown}
 K - a scroll of magic mapping {unknown}
Potions
 d - a potion of mutation {unknown}
 f - a potion of brilliance {unknown}
 g - 10 potions of curing
 j - 2 potions of heal wounds
 k - a potion of attraction
 n - 2 potions of flight
 o - a potion of lignification
 p - a potion of cancellation
 r - 2 potions of degeneration
 t - a potion of might
 w - 2 potions of resistance
 A - 2 potions of invisibility {unknown}
 E - a potion of ambrosia
Miscellaneous
 D - a phantom mirror


   Skills:
 + Level 4.4 Fighting
 - Level 4.3 Armour
 - Level 1.7 Dodging
 - Level 1.7 Stealth
 + Level 4.4 Unarmed Combat
 - Level 7.4 Spellcasting
 - Level 11.8 Conjurations
 - Level 8.6 Translocations
 * Level 6.5 Transmutations
 - Level 7.1 Fire Magic


You had 3 spell levels left.
You knew the following spells:

 Your Spells              Type           Power      Damage    Failure   Level
a - Magic Dart            Conj           100%       1d8       1%          1
b - Searing Ray           Conj           100%       2d8       1%          2
c - Iskenderun's Mystic   Conj/Tloc      71%        2d14      1%          4
d - Sticky Flame          Conj/Fire      68%        2d8       1%          4
e - Flame Wave            Conj/Fire      68%        2d15      1%          4
f - Dragon Form           Tmut           28%        N/A       95%         7

Your spell library contained the following spells:

 Spells                   Type           Power      Damage    Failure   Level
 Apportation              Tloc           100%       N/A       1%          1
 Dazzling Flash           Conj/Hex       100%       N/A       1%          3
 Kindle Blastsparks       Fire/Tloc/Air  98%        2d18      1%          3
 Inner Flame              Hex/Fire       37%        N/A       3%          3
 Ozocubu's Armour         Ice            13%        N/A       14%         3
 Fulminant Prism          Conj/Hex       26%        3d14      4%          4
 Alistair's Intoxication  Tmut/Pois      24%        N/A       34%         5
 Cause Fear               Hex            6%         N/A       43%         4
 Summon Ice Beast         Ice/Summ       13%        N/A       43%         4
 Agony                    Necr           13%        N/A       78%         5
 Lee's Rapid Deconstruct  Erth           6%         3d6*      78%         5
 Metabolic Englaciation   Hex/Ice        6%         N/A       78%         5
 Silence                  Hex/Air        6%         N/A       78%         5
 Summon Mana Viper        Hex/Summ       13%        N/A       78%         5
 Simulacrum               Ice/Necr       6%         N/A       100%        6
 Monstrous Menagerie      Summ           6%         N/A       100%        7
 Dragon's Call            Summ           6%         N/A       100%        9


Dungeon Overview and Level Annotations

Branches:
Dungeon (14/15)            Temple (0/1) D:6             Orc (0/2) D:12
   Lair: D:8-11      Vaults: D:13-14

Shops:
D:3 (   D:6 [   D:8 (   D:12 *[=*:   D:13 (

Annotations:
D:4 1 runed translucent door, xian's ghost, amateur DsCj
D:5 Dowan
D:12 2 transporters, Coahuwom's ghost, journeyman FoFi


Innate Abilities, Weirdness & Mutations

You have an increased reservoir of magic. (+10% MP)
You shall have no god before yourself.
Your divine heritage dramatically boosts your attributes as you level up.


Message History

You start resting.
A fire giant is nearby!
Casting: Iskenderun's Mystic Blast (mildly dangerous; 1% risk of failure)
Confirm with . or Enter, or press ? or * to list all spells.
You erupt in a blast of force!
The mystic blast hits the fire giant!!
The fire giant is moderately wounded.
Casting: Iskenderun's Mystic Blast (mildly dangerous; 1% risk of failure)
Confirm with . or Enter, or press ? or * to list all spells.
You erupt in a blast of force!
The mystic blast hits the fire giant.
The fire giant is moderately wounded.
The fire giant is knocked back by the mystic blast.
The fire giant slams into the rock wall!
The fire giant is moderately wounded.
Casting: Iskenderun's Mystic Blast (mildly dangerous; 1% risk of failure)
Confirm with . or Enter, or press ? or * to list all spells.
You erupt in a blast of force!
The mystic blast hits the fire giant.
The fire giant is moderately wounded.
Casting: Iskenderun's Mystic Blast (mildly dangerous; 1% risk of failure)
Confirm with . or Enter, or press ? or * to list all spells.
You erupt in a blast of force!
The mystic blast hits the fire giant!!
The fire giant is heavily wounded.
The fire giant is knocked back by the mystic blast.
Casting: Iskenderun's Mystic Blast (mildly dangerous; 1% risk of failure)
Confirm with . or Enter, or press ? or * to list all spells.
You erupt in a blast of force!
The mystic blast hits the fire giant!
The fire giant is severely wounded.
The fire giant is knocked back by the mystic blast.
The fire giant slams into the rock wall!
The fire giant is almost dead.
The fire giant points at you and mumbles some strange words.
The bolt of fire hits you!!!
* * * LOW HITPOINT WARNING * * *
Casting: Iskenderun's Mystic Blast (mildly dangerous; 1% risk of failure)
Confirm with . or Enter, or press ? or * to list all spells.
You erupt in a blast of force!
The mystic blast hits the fire giant but does no damage.
The fire giant is almost dead.
The fire giant points at you and mumbles some strange words.
The bolt of fire hits you!!
You die...

######### #.###########.
........# #.............
#.......# ########..###.
#..####.# #..# #. .....##.#######
######. #...........>.# #....
#..###..#####.# #.### ........#
#.###### ##.## .....#.## #...@.C#
#...# #.##.#.#
#######>#########...#
#......#####.......#.......#...#
####.##.......#..#.8.#..#......##
####.##......#.C#..~..#..#.......
.....##...........~~~..........).
#######....#..#.8~~~~~8.#..#.....
..# #...#..#..~~~~~~~..#..#).##
#.# ###......~~~~~~~~~.......#


You could see a fire giant.

Vanquished Creatures
  Jorgrun (D:14)
  Agnes (D:14)
  A fire dragon (D:14)
  Harold (D:9)
  A centaur warrior (D:14)
  A hydra (D:13)
  10 two-headed ogres (D:12)
  Urug (D:11)
  Amaemon (D:9)
  Lodul (D:14)
  A deep elf pyromancer (D:14)
  9 slime creatures (D:13)
  An ugly thing (D:11)
  4 cyclopes
  2 manticores
  An orange demon (D:9)
  2 unseen horrors (D:12)
  A kobold demonologist (D:11)
  2 komodo dragons
  An efreet (D:13)
  A tengu conjurer (D:14)
  4 trolls
  A hornet (D:8)
  A water elemental (D:11)
  A wyvern (D:8)
  2 shadows
  A basilisk (D:14)
  Grum (D:10)
  8 vampire mosquitoes
  Duvessa (D:5)
  4 acid dragons
  2 water moccasins
  2 orc warriors
  An ice beast (D:5)
  2 centaurs
  6 wolves
  13 ogres
  A phantom (D:5)
  A kobold brigand (D:9)
  3 bullfrogs
  A necrophage (D:7)
  5 wights (D:8)
  10 killer bees
  2 howler monkeys (D:9)
  5 jellies
  6 hounds
  3 iguanas
  An orc wizard (D:12)
  Ijyb (D:5)
  6 adders
  11 gnolls
  A shadow imp (D:5)
  2 white imps (D:5)
  2 ufetubi
  2 dart slugs
  3 worms
  17 orcs
  4 endoplasms
  4 giant cockroaches
  9 goblins
  6 hobgoblins
  3 quokkas
  10 ball pythons
  5 bats
  12 frilled lizards
  11 kobolds
  2 rats
243 creatures vanquished.

Vanquished Creatures (others)
  3 demonic plants (D:5)
  26 plants
29 creatures vanquished.

Grand Total: 272 creatures vanquished

Notes
Turn   | Place    | Note
-------+----------+-------------------------------------------
     0 | D:1      | KennySheep the Demigod Conjurer began the quest for the
                  | Orb.
     0 | D:1      | Reached XP level 1. HP: 14/14 MP: 5/5
     0 | D:1      | Noticed a draconian
     2 | D:1      | Noticed a demigod
     4 | D:1      | Noticed an ogre
     6 | D:1      | Noticed an elf
     7 | D:1      | Noticed an elf
     8 | D:1      | Noticed an elf
     9 | D:1      | Noticed a demigod
    11 | D:1      | Noticed a dwarf
    11 | D:1      | Noticed a vine stalker
    13 | D:1      | Noticed a tengu
    13 | D:1      | Noticed a felid
    15 | D:1      | Noticed a felid
    15 | D:1      | Noticed an ogre
    17 | D:1      | Noticed a demonspawn
    17 | D:1      | Noticed a dwarf
    17 | D:1      | Noticed a gargoyle
    19 | D:1      | Noticed a naga
   312 | D:1      | Reached XP level 2. HP: 20/20 MP: 2/7
   372 | D:1      | Reached skill level 1 in Translocations
   571 | D:1      | Learned a level 2 spell: Searing Ray
   978 | D:2      | Reached skill level 4 in Conjurations
  1205 | D:2      | Reached XP level 3. HP: 26/26 MP: 4/8
  1303 | D:2      | Identified the +7 dagger of the Dripping Gods {flame, rN+
                  | Int+3}
  2281 | D:3      | Reached XP level 4. HP: 33/33 MP: 3/10
  2287 | D:3      | Learned a level 4 spell: Iskenderun's Mystic Blast
  2586 | D:3      | Found Fugasusy's Weapon Shoppe.
  2866 | D:4      | Noticed a bullfrog
  2869 | D:4      | Found a runed translucent door.
  2872 | D:4      | Killed a bullfrog
  2873 | D:4      | Reached XP level 5. HP: 35/38 MP: 4/11
  2937 | D:4      | Noticed xian's ghost (amateur DsCj)
  3516 | D:5      | Entered Level 5 of the Dungeon
  3531 | D:5      | Reached skill level 5 in Conjurations
  3567 | D:5      | Noticed an ice beast
  3586 | D:5      | Killed an ice beast
  3587 | D:5      | Reached XP level 6. HP: 22/45 MP: 7/13
  4037 | D:5      | Noticed Duvessa
  4038 | D:5      | Noticed Dowan
  4094 | D:5      | Noticed Ijyb
  4111 | D:5      | Killed Ijyb
  4112 | D:5      | Reached XP level 7. HP: 39/50 MP: 6/15
  4320 | D:6      | Reached skill level 6 in Conjurations
  4473 | D:6      | Found a staircase to the Ecumenical Temple.
  4857 | D:6      | Found Oreothoh's Armour Boutique.
  5115 | D:7      | Reached skill level 5 in Translocations
  5684 | D:8      | Reached XP level 8. HP: 57/57 MP: 9/17
  5878 | D:8      | Noticed a hornet
  5883 | D:8      | Killed a hornet
  5884 | D:8      | Reached skill level 7 in Conjurations
  5984 | D:8      | Found Oceykiqi's Weapon Shoppe.
  6526 | D:8      | Learned a level 4 spell: Sticky Flame
  6816 | D:9      | Reached skill level 8 in Conjurations
  6822 | D:9      | Reached XP level 9. HP: 47/62 MP: 4/20
  6834 | D:9      | Reached skill level 5 in Spellcasting
  7141 | D:9      | Noticed Harold
  7189 | D:9      | Killed Harold
  7426 | D:9      | Noticed an orange demon
  7427 | D:9      | Noticed Amaemon
  7570 | D:5      | Killed Duvessa
  7571 | D:5      | Reached skill level 9 in Conjurations
  8065 | D:9      | Killed Amaemon
  8168 | D:9      | Killed an orange demon
  8244 | D:9      | Identified the +4 barding "Ureer" {Str+2}
  8546 | D:10     | Entered Level 10 of the Dungeon
  8572 | D:10     | Noticed a komodo dragon
  8580 | D:10     | Killed a komodo dragon
  8650 | D:10     | Learned a level 4 spell: Flame Wave
  8803 | D:10     | Reached skill level 1 in Fire Magic
  8803 | D:10     | Reached XP level 10. HP: 69/69 MP: 13/22
  9004 | D:10     | Noticed Grum
  9033 | D:10     | Killed Grum
  9445 | D:10     | Reached skill level 10 in Conjurations
  9787 | D:11     | Noticed a skeletal warrior
  9788 | D:11     | Noticed a skeletal warrior
  9795 | D:11     | Noticed Urug
  9796 | D:11     | Reached skill level 1 in Armour
  9796 | D:11     | Noticed a skeletal warrior
  9852 | D:11     | Noticed a skeletal warrior
  9854 | D:11     | Noticed a skeletal warrior
  9999 | D:11     | Noticed a rust devil
 10007 | D:11     | Noticed a green ugly thing
 10034 | D:11     | Killed a green ugly thing
 10442 | D:11     | Killed Urug
 10725 | D:12     | Found Qes Al Zea's Jewellery Emporium.
 10731 | D:12     | Found Ituekaev's Assorted Antiques.
 10737 | D:12     | Found Peggy's Book Emporium.
 10741 | D:12     | Bought a grey potion for 29 gold pieces
 10777 | D:12     | Found a transporter.
 10783 | D:12     | Noticed Coahuwom's ghost (journeyman FoFi)
 10783 | D:12     | Noticed a two-headed ogre
 10783 | D:12     | Noticed a two-headed ogre
 10784 | D:12     | Noticed a two-headed ogre
 10785 | D:12     | Noticed a two-headed ogre
 10785 | D:12     | Identified the +9 great mace of Resourcefulness {elec,
                  | +Blink rC+ Will++ Str-3}
 10785 | D:12     | Identified the +3 great mace of the Enchanted Forest
                  | {drain, Dex+3}
 10785 | D:12     | Noticed an ettin
 10788 | D:12     | Noticed a two-headed ogre
 10790 | D:12     | Found a transporter.
 10858 | D:12     | Noticed a two-headed ogre
 10867 | D:12     | Killed a two-headed ogre
 10868 | D:12     | Reached XP level 11. HP: 32/74 MP: 12/25
 11011 | D:12     | Noticed a two-headed ogre
 11033 | D:12     | Killed a two-headed ogre
 11034 | D:12     | Reached skill level 5 in Fire Magic
 11043 | D:12     | Reached skill level 11 in Conjurations
 11186 | D:12     | Noticed a two-headed ogre
 11191 | D:12     | Killed a two-headed ogre
 11295 | D:12     | Noticed a two-headed ogre
 11304 | D:12     | Killed a two-headed ogre
 11398 | D:12     | Noticed a two-headed ogre
 11405 | D:12     | Killed a two-headed ogre
 11489 | D:12     | Noticed a two-headed ogre
 11505 | D:12     | Killed a two-headed ogre
 11506 | D:12     | Noticed a two-headed ogre
 11515 | D:12     | Killed a two-headed ogre
 11719 | D:12     | Noticed a two-headed ogre
 11720 | D:12     | Noticed a two-headed ogre
 11737 | D:12     | Killed a two-headed ogre
 11740 | D:12     | Killed a two-headed ogre
 11813 | D:12     | Noticed a two-headed ogre
 11834 | D:12     | Killed a two-headed ogre
 12001 | D:12     | Found Ucreydes's Antique Armour Boutique.
 12006 | D:12     | Bought a glowing hat for 224 gold pieces
 12138 | D:12     | Found a staircase to the Orcish Mines.
 12328 | D:12     | Reached skill level 1 in Transmutations
 12448 | D:12     | Found Meuz's General Store.
 12452 | D:12     | Bought a scroll of blinking for 135 gold pieces
 12476 | D:12     | Reached skill level 1 in Fighting
 12476 | D:12     | Reached skill level 1 in Unarmed Combat
 12752 | D:13     | You fall into a shaft and drop 1 floor!
 12851 | D:14     | Noticed Jorgrun
 12869 | D:14     | Killed Jorgrun
 12870 | D:14     | Reached XP level 12. HP: 61/85 MP: 3/27
 13028 | D:14     | Noticed Lodul
 13032 | D:14     | Noticed a centaur warrior
 13033 | D:14     | HP: 4/85 [centaur warrior/arrow (14)]
 13795 | D:14     | Learned a level 7 spell: Dragon Form
 13833 | D:14     | Killed a centaur warrior
 13834 | D:14     | Reached skill level 5 in Transmutations
 13889 | D:14     | Killed Lodul
 14063 | D:14     | Noticed Agnes
 14065 | D:14     | Noticed a fire dragon
 14073 | D:14     | Killed Agnes
 14201 | D:14     | Killed a fire dragon
 14604 | D:12     | Noticed a fire giant
 14795 | D:13     | Found Duigoid's Antique Weapon Shop.
 15216 | D:13     | Noticed a seven-headed hydra
 15223 | D:13     | Killed a seven-headed hydra
 15431 | D:13     | Noticed a boulder beetle
 15593 | D:12     | Killed from afar by a fire giant

Illustrated notes

Levels and vault maps discovered:
D:1:      shiori_arrival_whats_in_store_for_you, layout_basic
D:2:      layout_loops_ring, basic_altar, minmay_pentomino_s4
D:3:      layout_rooms, serial_shops, nicolae_shop_bloodbath_and_beyond,
          minmay_lizard_king
D:4:      layout_gridville, ebering_ghost_inner_flame
D:5:      layout_cave_pools, serial_demonic, serial_demonic_b, serial_demonic_a,
          serial_demonic_c, serial_demonic_b, serial_demonic_g,
          serial_demonic_d, serial_demonic_e, uniq_duvessa, uniq_ijyb
D:6:      layout_basic, grunt_temple_overflow_open, minmay_temple_entry_waves,
          serial_shops, nicolae_lakefront_shop
D:7:      layout_rooms, amcnicky_altar_gilded, minmay_misc_feat_rows
D:8:      layout_loops_ring, serial_shops, shop
D:9:      layout_layer_cave, mainiacjoe_overflow_chevrons, uniq_harold,
          uniq_amaemon
D:10:     layout_basic, grunt_qazlal_clouds, uniq_grum
D:11:     layout_cave_pools, erik_lair_island, uniq_urug
D:12:     cheibrodos_monumental, layout_loops_cross, orc_0_dummy, serial_shops,
          nicolae_shop_trees, shop_fountains, kennysheep_little_box,
          nicolae_shop_crystal, shop, gammafunk_ghost_smash
D:13:     layout_rooms, david_vaults_5, serial_shops,
          nicolae_shop_temple_entry_statues_fountains
D:14:     layout_roguey, fedhas_altar_3, enter_trove_6, uniq_lodul, uniq_agnes,
          uniq_jorgrun

Skill      XL: |  1  2  3  4  5  6  7  8  9 10 11 12 |
---------------+-------------------------------------+-----
Translocations | 1 2 3 4 5 7 8 |  8.6
Spellcasting   | 2 3 4 5 6 7 |  7.4
Conjurations   | 4 5 6 8 9 10 11 | 11.8
Fire Magic     | 1 4 7 |  7.1
Armour         | 2 4 |  4.3
Transmutations | 3 6 |  6.5
Fighting       | 2 4 |  4.4
Unarmed Combat | 2 4 |  4.4
Dodging        | |  1.7
Stealth        | |  1.7

Action                   |  1- 3 |  4- 6 |  7- 9 | 10-12 || total
-------------------------+-------+-------+-------+-------++-------
Melee: Short sword       |     3 |       |       |       ||     3
       Dagger            |     6 |    17 |    16 |    96 ||   135
       Punch             |       |       |     1 |     5 ||     6
 Cast: Magic Dart        |    98 |    57 |    46 |     2 ||   203
       Searing Ray       |       |     6 |    26 |     5 ||    37
       Iskenderun's Myst |       |     1 |    34 |   161 ||   196
       Sticky Flame      |       |       |     3 |    33 ||    36
       Flame Wave        |       |       |       |     2 ||     2
Evoke: Wand              |       |       |     2 |     3 ||     5
  Use: Scroll            |     1 |     2 |     2 |    14 ||    19
       Potion            |     1 |       |     2 |     5 ||     8
 Stab: Sleeping          |       |       |       |     1 ||     1
Armor: Robe              |     1 |       |       |       ||     1
       Leather armour    |     2 |     9 |    11 |       ||    22
       Acid dragon scale |       |       |       |    42 ||    42
Dodge: Dodged            |    12 |    22 |    56 |   105 ||   195
Block: Other             |       |       |    18 |    50 ||    68
       Reflection        |       |       |     4 |     1 ||     5

Table legend: (Time is in decaauts)
 A = Elapsed time spent in this place.
 B = Non-inter-level travel time spent in this place.
 C = Inter-level travel time spent in this place.
 D = Time resting spent in this place.
 E = Time spent auto-exploring this place.
 F = Levels seen in this place.
 G = Mean time per level.
                   A        B        C        D        E       F      G
               +--------+--------+--------+--------+--------+-----+--------+
         Total |  15603 |  15000 |    603 |   5020 |   7726 |  14 | 1114.5 |
       Dungeon |  15603 |  15000 |    603 |   5020 |   7726 |  14 | 1114.5 |
               +--------+--------+--------+--------+--------+-----+--------+

Top non-repeatable levels by time:
    D:12: 2380 daAuts
     D:9: 1639 daAuts
    D:10: 1392 daAuts
    D:13: 1381 daAuts
    D:14: 1375 daAuts
     D:2: 1147 daAuts
     D:8: 1106 daAuts
     D:6: 923 daAuts
     D:1: 858 daAuts
     D:4: 844 daAuts
     D:7: 711 daAuts
     D:3: 682 daAuts
     D:5: 635 daAuts
    D:11: 525 daAuts
